 Dungeon Crawl Stone Soup version 0.24.0-1-gfbc8707 (webtiles) character file.

Game seed: 10832266985587186607, levelgen mode: deterministic

10059 Illumine the Blocker (level 11, -4/89 HPs)
             Began as a Gnoll Fighter on Nov 15, 2019.
             Was a High Priest of Okawaru.
             Slain by a komodo dragon (19 damage)
             ... on level 2 of the Lair of Beasts.
             The game lasted 00:17:15 (10871 turns).

Illumine the Blocker (Gnoll Fighter)               Turns: 10871, Time: 00:17:15

Health: -4/89      AC: 18    Str: 23    XL:     11   Next: 56%
Magic:  20/20      EV:  9    Int: 15    God:    Okawaru [*****.]
Gold:   489        SH: 12    Dex: 16    Spells: 22/22 levels left

rFire    . . .     SeeInvis .   o - +6 mace of Gozag's Hope {speed, *Contam rElec Str+3 Int+4}
rCold    . . .     Gourm    .   c - +0 shield
rNeg     . . .     Faith    .   L - +0 plate armour
rPois    .         Spirit   .   t - +1 hat
rElec    +         Reflect  .   x - +0 cloak (curse)
rCorr    .         Harm     .   r - +0 pair of gloves
MR       .....                  (no boots)
Stlth    ..........             (no amulet)
HPRegen  0.24/turn              (no ring)
MPRegen  0.17/turn              (no ring)

@: lethally poisoned (-4 -> -5)
A: distributed training, fangs 1, strong nose
a: Heroism, Finesse, Renounce Religion


You were on level 2 of the Lair of Beasts.
You worshipped Okawaru.
Okawaru was extremely pleased with you.
You were not hungry.

You visited 3 branches of the dungeon, and saw 11 of its levels.

You collected 489 gold pieces.

Inventory:

Hand Weapons
 o - the +6 mace of Gozag's Hope (weapon) {speed, *Contam rElec Str+3 Int+4}
   (You found it on level 4 of the Dungeon)

   Attacks with this weapon are significantly faster.
   It affects your strength (+3).
   It affects your intelligence (+4).
   It insulates you from electricity.
   It causes magical contamination when unequipped.
Missiles
 E - 4 boomerangs (quivered)
 M - 2 atropa-tipped darts
Armour
 c - a +0 shield (worn)
 r - a +0 pair of gloves (worn)
 t - a +1 hat (worn)
 x - a cursed +0 cloak (worn)
 L - a +0 plate armour (worn)
Wands
 e - a wand of polymorph (7)
 C - a wand of scattershot (6)
 D - a wand of paralysis (11)
 G - a wand of flame (7)
 H - a wand of iceblast (18)
Scrolls
 g - 2 scrolls of magic mapping {unknown}
 h - 6 scrolls of remove curse {unknown}
 j - 13 scrolls of teleportation
 k - a scroll of fog {unknown}
 p - a scroll of immolation {unknown}
 v - 2 scrolls of noise {unknown}
 y - a scroll of blinking
 A - 2 scrolls of enchant weapon {unknown}
 F - 3 scrolls of enchant armour {unknown}
 J - a scroll of fear {unknown}
Potions
 b - a potion of magic {unknown}
 d - a potion of berserk rage
 i - a potion of degeneration {unknown}
 l - a potion of heal wounds
 m - 3 potions of flight
 n - a potion of invisibility {unknown}
 q - a potion of cancellation {unknown}
 s - 2 potions of curing
 u - a potion of agility {unknown}
 B - 2 potions of mutation {unknown}
 I - 4 potions of lignification {unknown}
 K - a potion of ambrosia {unknown}
 N - a potion of might
Comestibles
 a - 2 chunks of flesh
 f - 19 rations


   Skills:
 + Level 9.2 Fighting
 + Level 6.3 Short Blades
 + Level 7.9 Long Blades
 + Level 6.3 Axes
 + Level 6.3 Maces & Flails
 + Level 6.3 Polearms
 + Level 6.3 Staves
 + Level 6.3 Slings
 + Level 6.3 Bows
 + Level 6.3 Crossbows
 + Level 6.3 Throwing
 + Level 9.2 Armour
 + Level 6.3 Dodging
 + Level 6.3 Stealth
 + Level 9.2 Shields
 + Level 6.3 Unarmed Combat
 + Level 6.3 Spellcasting
 + Level 5.2 Conjurations
 + Level 5.2 Hexes
 + Level 5.2 Charms
 + Level 5.2 Summonings
 + Level 5.2 Necromancy
 + Level 5.2 Translocations
 + Level 5.2 Transmutations
 + Level 5.2 Fire Magic
 + Level 5.2 Ice Magic
 + Level 5.2 Air Magic
 + Level 5.2 Earth Magic
 + Level 5.2 Poison Magic
 + Level 6.9 Invocations
 + Level 6.3 Evocations


You had 22 spell levels left.
You didn't know any spells.
Your spell library contained the following spells:

 Spells                   Type           Power        Failure   Level  Hunger
 Flame Tongue             Conj/Fire      ###..        43%         1    None
 Throw Flame              Conj/Fire      ###...       56%         2    #......
 Conjure Flame            Conj/Fire      ###.....     80%         3    ##.....
 Inner Flame              Hex/Fire       ###.....     80%         3    ##.....
 Sticky Flame             Conj/Fire      ###.....     99%         4    ####...
 Fireball                 Conj/Fire      ###.......   100%        5    ######.


Dungeon Overview and Level Annotations

Branches:
Dungeon (8/15)             Temple (1/1) D:4            Lair (2/6) D:8
  Snake (0/4) Lair:2
  Swamp: Lair:2-4    Shoals: Lair:2-4

Altars:
Cheibriados
Elyvilon
Kikubaaqudgha
Nemelex Xobeh
Okawaru
Trog
Vehumet
Xom
Zin

Shops:
D:6 !   D:8 (


Innate Abilities, Weirdness & Mutations

Your experience applies equally to all skills.
You have very sharp teeth.
Your uncanny sense of smell can sniff out nearby items.


Message History

The komodo dragon bites you but does no damage.
You hit the komodo dragon.
The komodo dragon is moderately wounded.
You feel sick. You block the komodo dragon's attack.
Your shield prevents you from hitting the komodo dragon.
You bite the komodo dragon, but do no damage.
The komodo dragon is moderately wounded.
The komodo dragon barely misses you.
You hit the komodo dragon but do no damage.
The komodo dragon is moderately wounded.
You feel sick.
You sock the komodo dragon!
You bite the komodo dragon, but do no damage.
The komodo dragon is severely wounded.
The komodo dragon bites you!!
* * * LOW HITPOINT WARNING * * *
You thump the komodo dragon!
The komodo dragon is almost dead.
You feel sick. The komodo dragon bites you!!
You die...

....### #..####..#
#...### ##...#
#.....#.## ##..###
###..#
#####.#.######...##### .
#.## ##.......##........
..#.#
#...#.##.##......P#
.....∆ ∆
#..####...#.....PP#
#.#####.................
#...........#.#......#.#
P#@##.#.#.P......##
###l##...........[#
#.............P..#
##.PP....P#####..#
#..##.......# #..
.........#P.##.##.# ..
.........##.#### ..#
........##### .#
........# #.


You could see a komodo dragon.

Vanquished Creatures
  Pikel (D:8)
  Maurice (D:8)
  Joseph (Lair:1)
  A black mamba (Lair:1)
  A torpor snail (Lair:2)
  4 spiny frogs (Lair:2)
  A komodo dragon (Lair:1)
  A blink frog (Lair:2)
  Grinder (D:3)
  2 dream sheep (Lair:2)
  4 hippogriffs
  A yak (D:7)
  Sigmund (D:3)
  A basilisk (D:8)
  A human (D:7)
  2 wyverns (D:8)
  3 hogs (D:7)
  6 nagas (Lair:2)
  5 porcupines
  2 orc warriors
  A slave (D:8)
  2 ogres
  3 phantoms
  5 crocodiles
  12 bullfrogs
  4 killer bees (D:5)
  A howler monkey (D:4)
  3 crimson imps
  2 bullfrog zombies
  A centaur zombie (D:6)
  A quasit (D:7)
  3 hounds
  A jelly (D:7)
  A centaur skeleton (D:4)
  Crazy Yiuf (D:3)
  An orc priest (D:8)
  2 iguanas
  Ijyb (D:3)
  Terence (D:3)
  8 orc wizards
  4 worker ants
  A hound zombie (D:2)
  2 howler monkey zombies
  A worker ant zombie (D:7)
  12 adders
  A shadow imp (D:6)
  An ooze (D:2)
  An adder zombie (D:8)
  2 worms (D:2)
  2 dart slugs
  4 leopard geckos
  22 orcs
  3 giant cockroaches
  7 goblins
  7 hobgoblins
  4 jackals
  5 quokkas
  2 ball pythons
  2 bats
  3 frilled lizards
  A jackal skeleton (D:5)
  4 kobolds
  2 quokka skeletons
  6 rats
193 creatures vanquished.

Vanquished Creatures (others)
  2 plants (Lair:2)
2 creatures vanquished.

Grand Total: 195 creatures vanquished

Notes
Turn   | Place    | Note
-------+----------+-------------------------------------------
     0 | D:1      | Illumine the Gnoll Fighter began the quest for the Orb.
     0 | D:1      | Reached XP level 1. HP: 23/23 MP: 1/1
   193 | D:1      | Reached XP level 2. HP: 27/29 MP: 2/2
   724 | D:2      | Reached XP level 3. HP: 32/35 MP: 3/3
   804 | D:2      | Reached skill level 1 in Invocations
   839 | D:2      | Reached skill level 1 in Short Blades
   839 | D:2      | Reached skill level 1 in Axes
   839 | D:2      | Reached skill level 1 in Maces & Flails
   839 | D:2      | Reached skill level 1 in Polearms
   839 | D:2      | Reached skill level 1 in Staves
   839 | D:2      | Reached skill level 1 in Slings
   839 | D:2      | Reached skill level 1 in Bows
   839 | D:2      | Reached skill level 1 in Crossbows
   839 | D:2      | Reached skill level 1 in Throwing
   839 | D:2      | Reached skill level 1 in Dodging
   839 | D:2      | Reached skill level 1 in Stealth
   839 | D:2      | Reached skill level 1 in Unarmed Combat
   839 | D:2      | Reached skill level 1 in Spellcasting
   839 | D:2      | Reached skill level 1 in Evocations
   973 | D:2      | Reached XP level 4. HP: 41/41 MP: 5/5
  1416 | D:3      | Reached skill level 1 in Conjurations
  1416 | D:3      | Reached skill level 1 in Hexes
  1416 | D:3      | Reached skill level 1 in Charms
  1416 | D:3      | Reached skill level 1 in Summonings
  1416 | D:3      | Reached skill level 1 in Necromancy
  1416 | D:3      | Reached skill level 1 in Translocations
  1416 | D:3      | Reached skill level 1 in Transmutations
  1416 | D:3      | Reached skill level 1 in Fire Magic
  1416 | D:3      | Reached skill level 1 in Ice Magic
  1416 | D:3      | Reached skill level 1 in Air Magic
  1416 | D:3      | Reached skill level 1 in Earth Magic
  1416 | D:3      | Reached skill level 1 in Poison Magic
  1452 | D:3      | Noticed Ijyb
  1462 | D:3      | Killed Ijyb
  1462 | D:3      | Reached XP level 5. HP: 47/47 MP: 6/6
  1697 | D:3      | Noticed Grinder
  1709 | D:3      | Paralysed by Grinder for 6 turns
  1715 | D:3      | Killed Grinder
  1715 | D:3      | Reached skill level 5 in Long Blades
  1715 | D:3      | Reached XP level 6. HP: 22/53 MP: 8/8
  1767 | D:3      | Noticed Terence
  1772 | D:3      | Killed Terence
  1904 | D:3      | Found a runed translucent door.
  1905 | D:3      | Noticed Crazy Yiuf
  1916 | D:3      | Killed Crazy Yiuf
  2007 | D:3      | Found a faded altar of an unknown god.
  2207 | D:3      | Noticed Sigmund
  2209 | D:3      | Killed Sigmund
  2209 | D:3      | Reached XP level 7. HP: 60/60 MP: 10/10
  2368 | D:3      | Found a sparkling altar of Nemelex Xobeh.
  2725 | D:4      | Found a bloodstained altar of Trog.
  2758 | D:4      | Found a staircase to the Ecumenical Temple.
  2770 | Temple   | Entered the Ecumenical Temple
  2795 | Temple   | Became a worshipper of Warmaster Okawaru
  3327 | D:4      | Got a crude mace
  3381 | D:4      | Found an ancient bone altar of Kikubaaqudgha.
  3530 | D:5      | Entered Level 5 of the Dungeon
  3678 | D:5      | Found a glowing silver altar of Zin.
  3678 | D:5      | Noticed an angel
  3680 | D:5      | Found a shimmering altar of Xom.
  3710 | D:5      | Reached * piety under Okawaru
  3982 | D:5      | Reached XP level 8. HP: 34/67 MP: 12/12
  4501 | D:5      | Found a sparkling altar of Nemelex Xobeh.
  5201 | D:6      | Found Coywkoq's Distillery.
  6009 | D:7      | Noticed a hippogriff
  6106 | D:6      | Identified the +6 mace of Gozag's Hope {speed, *Contam
                  | rElec Str+3 Int+4} (You found it on level 4 of the Dungeon)
  6149 | D:7      | Noticed a yak
  6162 | D:7      | Reached ** piety under Okawaru
  6162 | D:7      | Reached XP level 9. HP: 72/72 MP: 14/14
  6428 | D:7      | Reached *** piety under Okawaru
  6886 | D:7      | Reached skill level 5 in Invocations
  7221 | D:8      | Reached XP level 10. HP: 80/80 MP: 15/17
  7240 | D:8      | Found Deacoa's Weapon Shop.
  7250 | D:8      | Noticed Maurice
  7278 | D:8      | Killed Maurice
  7278 | D:8      | Reached **** piety under Okawaru
  7393 | D:8      | Noticed Pikel
  7421 | D:8      | Killed Pikel
  7421 | D:8      | Reached skill level 5 in Short Blades
  7421 | D:8      | Reached skill level 5 in Axes
  7421 | D:8      | Reached skill level 5 in Maces & Flails
  7421 | D:8      | Reached skill level 5 in Polearms
  7421 | D:8      | Reached skill level 5 in Staves
  7421 | D:8      | Reached skill level 5 in Slings
  7421 | D:8      | Reached skill level 5 in Bows
  7421 | D:8      | Reached skill level 5 in Crossbows
  7421 | D:8      | Reached skill level 5 in Throwing
  7421 | D:8      | Reached skill level 5 in Dodging
  7421 | D:8      | Reached skill level 5 in Stealth
  7421 | D:8      | Reached skill level 5 in Unarmed Combat
  7421 | D:8      | Reached skill level 5 in Spellcasting
  7421 | D:8      | Reached skill level 5 in Evocations
  8042 | D:8      | Found a staircase to the Lair.
  8220 | Lair:1   | Entered Level 1 of the Lair of Beasts
  8227 | Lair:1   | Noticed a black mamba
  8237 | Lair:1   | Killed a black mamba
  8707 | Lair:1   | Reached ***** piety under Okawaru
  9432 | Lair:1   | Noticed Joseph
  9440 | Lair:1   | Killed Joseph
  9440 | Lair:1   | Received a gift from Okawaru
  9440 | Lair:1   | Reached XP level 11. HP: 72/87 MP: 19/19
 10128 | Lair:2   | Reached skill level 5 in Conjurations
 10128 | Lair:2   | Reached skill level 5 in Hexes
 10128 | Lair:2   | Reached skill level 5 in Charms
 10128 | Lair:2   | Reached skill level 5 in Summonings
 10128 | Lair:2   | Reached skill level 5 in Necromancy
 10128 | Lair:2   | Reached skill level 5 in Translocations
 10128 | Lair:2   | Reached skill level 5 in Transmutations
 10128 | Lair:2   | Reached skill level 5 in Fire Magic
 10128 | Lair:2   | Reached skill level 5 in Ice Magic
 10128 | Lair:2   | Reached skill level 5 in Air Magic
 10128 | Lair:2   | Reached skill level 5 in Earth Magic
 10128 | Lair:2   | Reached skill level 5 in Poison Magic
 10132 | Lair:2   | Received a gift from Okawaru
 10608 | Lair:2   | Found a staircase to the Snake Pit.
 10871 | Lair:2   | Slain by a komodo dragon

Levels and vault maps discovered:
D:1:      erik_arrival_cave_to_civilisation [erik_arrival_cave_to_hall],
          layout_basic
D:2:      layout_basic, grunt_ministairs_9
D:3:      layout_basic, nemelex_altar_shiori, chequers_ecumenical_altar_lobes,
          serial_glass, glass_columns_b, glass_columns_a, feat_on_display,
          minmay_strange_pillars, uniq_sigmund, uniq_crazy_yiuf_cottage,
          uniq_ijyb, uniq_terence, uniq_grinder
D:4:      layout_loops_cross, kiku_gazebo_garden_becter,
          minmay_temple_entry_steel_oval, first_ration,
          trog_three_pillars_becter
D:5:      layout_basic, grunt_temple_overflow_order_and_chaos_1, basic_altar,
          grunt_decor_one_mirror
D:6:      layout_basic, serial_shops, kennysheep_mini_moat
D:7:      layout_gridville, grunt_livestock, minmay_holes
D:8:      layout_loops_ring, erik_lair_dragon, serial_shops, shop_fountains,
          uniq_maurice, uniq_pikel
Temple:   minmay_crystal_spiral_temple
Lair:1:   layout_regular_city, chequers_serial_rivers_large_a,
          serial_bayou_shore_b, uniq_joseph
Lair:2:   layout_loops_ring, minmay_snake_entry_guardpost_medium,
          beast_lair_carwin_9

Skill      XL: |  1  2  3  4  5  6  7  8  9 10 11 |
---------------+----------------------------------+-----
Invocations    | 1 2 3 4 5 6 |  6.9
Short Blades   | 1 2 3 4 5 6 |  6.3
Axes           | 1 2 3 4 5 6 |  6.3
Maces & Flails | 1 2 3 4 5 6 |  6.3
Polearms       | 1 2 3 4 5 6 |  6.3
Staves         | 1 2 3 4 5 6 |  6.3
Slings         | 1 2 3 4 5 6 |  6.3
Bows           | 1 2 3 4 5 6 |  6.3
Crossbows      | 1 2 3 4 5 6 |  6.3
Throwing       | 1 2 3 4 5 6 |  6.3
Dodging        | 1 2 3 4 5 6 |  6.3
Stealth        | 1 2 3 4 5 6 |  6.3
Unarmed Combat | 1 2 3 4 5 6 |  6.3
Spellcasting   | 1 2 3 4 5 6 |  6.3
Evocations     | 1 2 3 4 5 6 |  6.3
Conjurations   | 1 2 3 4 5 |  5.2
Hexes          | 1 2 3 4 5 |  5.2
Charms         | 1 2 3 4 5 |  5.2
Summonings     | 1 2 3 4 5 |  5.2
Necromancy     | 1 2 3 4 5 |  5.2
Translocations | 1 2 3 4 5 |  5.2
Transmutations | 1 2 3 4 5 |  5.2
Fire Magic     | 1 2 3 4 5 |  5.2
Ice Magic      | 1 2 3 4 5 |  5.2
Air Magic      | 1 2 3 4 5 |  5.2
Earth Magic    | 1 2 3 4 5 |  5.2
Poison Magic   | 1 2 3 4 5 |  5.2
Long Blades    | 5 6 7 |  7.9
Fighting       | 7 8 9 |  9.2
Armour         | 7 8 9 |  9.2
Shields        | 7 8 9 |  9.2

Action                   |  1- 3 |  4- 6 |  7- 9 | 10-12 || total
-------------------------+-------+-------+-------+-------++-------
Melee: Long sword        |    78 |    93 |   272 |       ||   443
       Bite              |     8 |     9 |    60 |    71 ||   148
       Mace              |       |       |   143 |   328 ||   471
Throw: Boomerang         |       |       |     7 |    51 ||    58
Evoke: Wand              |       |     3 |     6 |       ||     9
  Use: Potion            |       |     1 |     2 |     1 ||     4
       Scroll            |       |       |     5 |       ||     5
  Eat: Chunk             |       |     4 |     9 |    13 ||    26
       Ration            |       |       |     2 |       ||     2
Armor: Scale mail        |    24 |    45 |    51 |       ||   120
       Chain mail        |       |       |   124 |    23 ||   147
       Plate armour      |       |       |       |    32 ||    32
Dodge: Dodged            |    29 |    28 |   121 |    61 ||   239
Block: Shield            |    41 |    43 |   216 |   146 ||   446
       Rpst.: Long sword |     8 |    10 |    31 |       ||    49
